 Dungeon Crawl Stone Soup version 0.29-a0-2-g12fcac58f8 (webtiles) character file.

Game seed: 15922216424813484001

203 pokeman the Magician (level 5, -1/43 HPs)
             Began as a Deep Elf Hedge Wizard on Jan 26, 2022.
             Succumbed to a scorpion's poison
             ... on level 4 of the Dungeon.
             The game lasted 00:06:05 (4589 turns).

pokeman the Magician (Deep Elf Hedge Wizard)        Turns: 4589, Time: 00:06:06

Health: -1/43      AC:  3    Str: 13    XL:     5   Next: 51%
Magic:  7/15       EV: 12    Int: 21    God:
Gold:   143        SH:  0    Dex: 14    Spells: 5/16 levels left

rFire   . . .      SeeInvis .   a - +0 dagger
rCold   . . .      Faith    .   (no shield)
rNeg    . . .      Spirit   .   i - +0 leather armour
rPois   .          Reflect  .   c - +0 hat
rElec   .          Harm     .   (no cloak)
rCorr   .          Rampage  .   (no gloves)
Will    .....                   (no boots)
Stlth   ..........              (no amulet)
HPRegen 0.14/turn               b - +6 ring of strength
MPRegen 0.14/turn               (no ring)

@: berserking (expiring), lethally poisoned (-1 -> -13), attractive, very
slightly contaminated, very quick
A: no striking features
a: no special abilities


You were on level 4 of the Dungeon.
You visited 1 branch of the dungeon, and saw 4 of its levels.

You collected 143 gold pieces.

Inventory:

Hand Weapons
 a - a +0 dagger (weapon)
Armour
 c - a +0 hat (worn)
 i - a +0 leather armour (worn)
Jewellery
 b - a +6 ring of strength (left hand)
Scrolls
 e - a scroll of amnesia {unknown}
 g - a scroll of blinking {unknown}
 j - 3 scrolls of identify {unknown}
 k - a scroll of teleportation {unknown}
 l - a scroll of vulnerability {unknown}
Potions
 d - a potion of attraction
 h - 2 potions of haste {unknown}


   Skills:
 - Level 1.0 Fighting
 - Level 1.0 Armour
 - Level 3.0 Dodging
 + Level 2.8 Stealth
 * Level 6.4 Spellcasting
 + Level 2.7 Conjurations
 - Level 1.1 Summonings
 - Level 1.1 Translocations
 - Level 1.2 Fire Magic
 + Level 0.7 Air Magic


You had 5 spell levels left.
You knew the following spells:

 Your Spells              Type           Power      Damage    Failure   Level
a - Magic Dart            Conj           72%        1d6       3%          1
b - Mephitic Cloud        Conj/Pois/Air  11%        N/A       22%         3
c - Call Imp              Summ           11%        N/A       12%         2
d - Blink                 Tloc           22%        N/A       12%         2
e - Conjure Flame         Conj/Fire      15%        6-21      16%         3

Your spell library contained the following spells:

 Spells                   Type           Power      Damage    Failure   Level
 Slow                     Hex            24%        N/A       12%         1


Dungeon Overview and Level Annotations

Branches:
Dungeon (4/15)
 Temple: D:4-7

Altars:
Dithmenos
Qazlal


Message History

The scorpion is engulfed in noxious fumes.
The scorpion appears confused.
The scorpion stings you.
You are lethally poisoned!
The scorpion poisons you!
You feel very sick.
The scorpion is engulfed in noxious fumes.
The scorpion appears confused.
The fire ignites!
It was a potion of attraction.
You feel attractive to monsters.
You feel very sick.
The scorpion is engulfed in noxious fumes.
The scorpion is attracted toward you.
It was a potion of berserk rage.
A red film seems to cover your vision as you go berserk!
You feel yourself moving faster!
You feel mighty!
You feel very sick.
The scorpion is engulfed in blazing flames.
The scorpion stings you.
* * * LOW HITPOINT WARNING * * *
You are more poisoned.
The scorpion poisons you!
You are too berserk!
You barely miss the scorpion.
The scorpion is heavily wounded.
* * * LOW HITPOINT WARNING * * *
You feel very sick.
The scorpion is engulfed in blazing flames.
The scorpion stings you but does no damage.
You barely miss the scorpion.
The scorpion is severely wounded.
* * * LOW HITPOINT WARNING * * *
You feel very sick.
The scorpion is engulfed in blazing flames.
You kill the scorpion!
* * * LOW HITPOINT WARNING * * *
You feel sick.
You feel a strong urge to attack something.
* * * LOW HITPOINT WARNING * * *
You feel sick.
You die...

#.[............
#.......?......
+......>###
#.#.......# #
#....##.#
##.#...).#○#
.........#.#
.........#.#
.........@.#
.....?.....#
..........<#
.#.#########
... ##


There were no monsters in sight!

Vanquished Creatures
  A scorpion (D:4)
  4 gnolls (D:3)
  An adder (D:3)
  An ufetubus (D:3)
  3 dart slugs (D:1)
  A worm (D:3)
  7 orcs
  8 endoplasms
  4 giant cockroaches
  5 goblins
  5 hobgoblins
  12 jackals
  A quokka (D:2)
  A ball python (D:3)
  4 bats
  A frilled lizard (D:1)
  6 kobolds
  4 rats
69 creatures vanquished.

Vanquished Creatures (others)
  A plant (D:2)
1 creature vanquished.

Grand Total: 70 creatures vanquished

Notes
Turn   | Place    | Note
-------+----------+-------------------------------------------
     0 | D:1      | pokeman the Deep Elf Hedge Wizard began the quest for the
                  | Orb.
     0 | D:1      | Reached XP level 1. HP: 10/10 MP: 7/7
   355 | D:1      | Reached XP level 2. HP: 16/16 MP: 6/9
   988 | D:1      | Reached skill level 5 in Spellcasting
  1055 | D:1      | Reached XP level 3. HP: 3/20 MP: 2/11
  1404 | D:1      | Learned a level 3 spell: Mephitic Cloud
  1407 | D:1      | Learned a level 2 spell: Call Imp
  1410 | D:1      | Learned a level 2 spell: Blink
  1414 | D:1      | Learned a level 3 spell: Conjure Flame
  1814 | D:2      | Found a faded altar of an unknown god.
  1820 | D:2      | Reached skill level 1 in Fighting
  2176 | D:2      | Reached skill level 1 in Armour
  3028 | D:3      | Reached XP level 4. HP: 23/25 MP: 1/13
  3623 | D:3      | Reached skill level 1 in Fire Magic
  3981 | D:3      | Reached skill level 6 in Spellcasting
  4193 | D:3      | Reached XP level 5. HP: 28/29 MP: 8/15
  4437 | D:3      | Found a shadowy altar of Dithmenos.
  4470 | D:3      | Found a stormy altar of Qazlal.
  4588 | D:4      | HP: 1/43 [poisoned by a scorpion]
  4589 | D:4      | Succumbed to a scorpion's poison

Illustrated notes

Levels and vault maps discovered:
D:1:      doesnt_arrival_eight_statues, layout_basic, minmay_misc_feat_iff
D:2:      layout_basic, hellmonk_ecumenical_altar_pennies_from_heaven,
          serial_forest, infiniplex_forest_straight_2,
          infiniplex_forest_clump_large, infiniplex_forest_clump_medium,
          infiniplex_forest_straight_4, infiniplex_forest_clump_curved,
          infiniplex_forest_diagonal, infiniplex_forest_lined_corner,
          infiniplex_forest_lined_corner, roderic_lattice_a, grunt_decor_clamped
D:3:      layout_basic, mainiacjoe_overflow_alcove_1,
          nicolae_qazlal_eye_of_the_storm
D:4:      layout_basic, minmay_fountain_box, minmay_vboxes

Skill      XL: |  1  2  3  4  5 |
---------------+----------------+-----
Spellcasting   | 5 6 |  6.4
Fighting       | 1 |  1.0
Armour         | 1 |  1.0
Conjurations   | 2 |  2.7
Fire Magic     | 1 |  1.2
Dodging        | 3 |  3.0
Stealth        | |  2.8
Summonings     | |  1.1
Translocations | |  1.1
Air Magic      | |  0.7

Action                   |  1- 3 |  4- 6 || total
-------------------------+-------+-------++-------
Melee: Dagger            |    14 |     7 ||    21
 Cast: Magic Dart        |   118 |    70 ||   188
       Conjure Flame     |       |     3 ||     3
       Mephitic Cloud    |       |     3 ||     3
  Use: Potion            |       |     2 ||     2
 Stab: Distracted        |     1 |       ||     1
Armor: Robe              |    14 |       ||    14
       Leather armour    |     3 |     6 ||     9
Dodge: Dodged            |    42 |    14 ||    56

Table legend: (Time is in decaauts)
 A = Elapsed time spent in this place.
 B = Non-inter-level travel time spent in this place.
 C = Inter-level travel time spent in this place.
 D = Time resting spent in this place.
 E = Time spent auto-exploring this place.
 F = Levels seen in this place.
 G = Mean time per level.
                   A        B        C        D        E       F      G
               +--------+--------+--------+--------+--------+-----+--------+
         Total |   4587 |   4482 |    105 |     58 |   3895 |   4 | 1146.8 |
       Dungeon |   4587 |   4482 |    105 |     58 |   3895 |   4 | 1146.8 |
               +--------+--------+--------+--------+--------+-----+--------+

Top non-repeatable levels by time:
     D:1: 1655 daAuts
     D:3: 1501 daAuts
     D:2: 1397 daAuts
     D:4: 34 daAuts
